 Dungeon Crawl Stone Soup version 0.29.1-2-gbd0b4ee654 (webtiles) character file.

Game seed: 1300793426498891011

276 hawla the Chiller (level 6, -3/46 HPs)
             Began as a Meteoran Ice Elementalist on Nov 3, 2022.
             Killed from afar by a white imp (4 damage)
             ... with a puff of frost
             ... on level 5 of the Dungeon.
             The game lasted 00:06:33 (2368 turns).

hawla the Chiller (Meteoran Ice Elementalist)       Turns: 2368, Time: 00:06:34

Health: -3/46      AC:  9    Str: 10    XL:     6   Next: 80%
Magic:  4/13       EV: 12    Int: 23    God:
Gold:   270        SH:  0    Dex: 14    Spells: 5/13 levels left

rFire   . . .      SeeInvis .   d - +9 hand axe "Ipposedd" {vorpal, Int+4}
rCold   . . .      Faith    .   (no shield)
rNeg    + + +      Spirit   .   a - +2 robe
rPois   .          Reflect  .   (no helmet)
rElec   .          Harm     .   h - +1 cloak
rCorr   .          Rampage  +   c - +0 pair of gloves
Will    .....                   q - +1 pair of boots of Impatience {Rampage Drain rN+++ Slay+2}
Stlth   +.........              (no amulet)
HPRegen 0.15/turn               (no ring)
MPRegen 0.13/turn               (no ring)

@: freezing walls, very slightly contaminated, glowing
A: sense surroundings 1, otherworldly, glowing, explore regen
a: no special abilities


You were on level 5 of the Dungeon.
You visited 1 branch of the dungeon, and saw 5 of its levels.

You collected 270 gold pieces.

Inventory:

Hand Weapons
 d - the +9 hand axe "Ipposedd" (weapon) {vorpal, Int+4}
   (You found it on level 2 of the Dungeon)

   It inflicts extra damage upon your enemies.
   Int:       It affects your intelligence (+4).
Armour
 a - a +2 robe (worn)
 c - a +0 pair of gloves (worn)
 h - a +1 cloak (worn)
 q - the +1 pair of boots of Impatience (worn) {Rampage Drain rN+++ Slay+2}
   (You found it on level 5 of the Dungeon)

   Slay:      It affects your accuracy & damage with ranged weapons and melee
   (+2).
   rN:        It renders you almost immune to negative energy.
   Drain:     It drains your maximum health when unequipped.
   Rampage:   It bestows one free step when moving towards enemies.
Wands
 e - a wand of iceblast (8) (quivered)
Scrolls
 o - a scroll of enchant weapon {unknown}
Potions
 b - 2 potions of magic
 f - 2 potions of heal wounds
 g - a potion of flight
 i - 4 potions of curing {unknown}
 j - 3 potions of attraction {unknown}
 k - a potion of degeneration
 l - 2 potions of lignification {unknown}
 m - 3 potions of mutation {unknown}
 p - a potion of invisibility {unknown}


   Skills:
 - Level 0.3 Fighting
 - Level 0.2 Axes
 - Level 2.6 Dodging
 - Level 1.4 Stealth
 - Level 4.3 Spellcasting
 + Level 4.2 Conjurations
 - Level 6.0 Ice Magic


You had 5 spell levels left.
You knew the following spells:

 Your Spells              Type           Power      Damage    Failure   Level
a - Freeze                Ice            100%       1d11      1%          1
b - Frozen Ramparts       Ice            64%        1d10      2%          3
c - Hailstorm             Conj/Ice       28%        3d8       12%         4

Your spell library contained the following spells:

 Spells                   Type           Power      Damage    Failure   Level
 Ozocubu's Armour         Ice            32%        N/A       2%          3
 Ensorcelled Hibernation  Hex/Ice        36%        N/A       4%          2
 Passwall                 Tmut/Erth      3%         N/A       16%         2
 Swiftness                Air            4%         N/A       30%         3
 Summon Forest            Summ/Tloc      2%         N/A       96%         5
 Eringya's Noxious Bog    Tmut/Pois      2%         N/A       100%        6
 Summon Hydra             Summ           2%         N/A       100%        7


Dungeon Overview and Level Annotations

Branches:
Dungeon (5/15) Zot: 623
 Temple: D:4-7

Altars:
Hepliaklqana

Shops:
D:1 *


Innate Abilities, Weirdness & Mutations

You passively map a small area around you.
You are easily found by Zot.
You glow in the dark.
You regain HP and MP as you explore.


Message History

Confirm with . or Enter, or press ? or * to list all spells.
Casting: Frozen Ramparts (dangerous; 2% risk of failure)
Press: ? - help, Dir - look around, f - activate You miscast Frozen Ramparts.
You are very lightly contaminated with residual magic.
Nothing appears to happen.
Unknown command.
Casting: Frozen Ramparts (dangerous; 2% risk of failure)
Confirm with . or Enter, or press ? or * to list all spells.
Casting: Frozen Ramparts (dangerous; 2% risk of failure)
Press: ? - help, Dir - look around, f - activate The walls around you are covered in ice.
Casting: Frozen Ramparts (dangerous; 2% risk of failure)
Confirm with . or Enter, or press ? or * to list all spells.
The spell is quite dangerous to miscast (12% risk of failure)!
Continue anyway?
Casting: Hailstorm (quite dangerous; 12% risk of failure)
Press: ? - help, Dir - look around, f - activate You miscast Hailstorm.
Frost covers your body. The white imp gestures at you.
The puff of frost hits you.
Unknown command.
Casting: Hailstorm (quite dangerous; 12% risk of failure)
Confirm with . or Enter, or press ? or * to list all spells.
You don't have enough magic to cast this spell.
You slash the ogre!
The ogre is moderately wounded.
You hit the white imp.
The wall freezes the white imp but does no damage.
The white imp gestures at you. The puff of frost hits you!
The wall freezes the ogre but does no damage.
The ogre hits you with a +0 giant spiked club!!
Ouch! That really hurt!
* * * LOW HITPOINT WARNING * * *
As you read the scroll labelled CATUBAPT ZIYLUI, it crumbles to dust.
Wisps of shadow whirl around you...
It was a scroll of summoning.
The wall freezes the white imp but does no damage.
The white imp gestures at you. The puff of frost hits you.
You die...

, ######### * * .,
#.......# ..#######
#.......# #.......#
#.......# #.......#
#......<#
#.....h.###.......#
*
#......5#.........#
#......O@.#.......#
.......S###.......#
, ,........#
###.##### ........#
#..# , ........#
#.## ##.#.#### #,*
#... * * #. , * , *


You could see an ogre (ally target), a white imp (ally target), a friendly hound
(summoned) and a friendly adder (summoned).

Vanquished Creatures
  2 scorpions (D:4)
  An iguana (D:2)
  An orc wizard (D:3)
  4 adders
  A worm (D:3)
  7 orcs
  3 endoplasms
  A giant cockroach (D:4)
  8 goblins
  7 hobgoblins
  8 jackals
  A quokka (D:2)
  3 ball pythons
  A frilled lizard (D:1)
  9 kobolds
  3 rats
60 creatures vanquished.

Notes
Turn   | Place    | Note
-------+----------+-------------------------------------------
     0 | D:1      | hawla the Meteoran Ice Elementalist began the quest for the
                  | Orb.
     0 | D:1      | Reached XP level 1. HP: 14/14 MP: 5/5
    99 | D:1      | Reached XP level 2. HP: 20/20 MP: 5/7
   188 | D:1      | Found a faded altar of an unknown god.
   259 | D:1      | Reached XP level 3. HP: 26/26 MP: 5/8
   383 | D:1      | Found Icwaakha's General Store.
   589 | D:2      | Reached skill level 5 in Ice Magic
   593 | D:2      | Learned a level 3 spell: Frozen Ramparts
   634 | D:2      | Reached XP level 4. HP: 33/33 MP: 6/10
   678 | D:2      | Identified the +9 hand axe "Ipposedd" {vorpal, Int+4}
   905 | D:2      | Found a hazy altar of Hepliaklqana.
  1068 | D:2      | Reached XP level 5. HP: 38/38 MP: 12/12
  1096 | D:2      | Glimpsed the power of Zot.
  1141 | D:3      | Learned a level 4 spell: Hailstorm
  1589 | D:3      | Reached skill level 6 in Ice Magic
  1694 | D:3      | Glimpsed the power of Zot.
  1713 | D:4      | Reached XP level 6. HP: 36/46 MP: 8/13
  2292 | D:4      | Glimpsed the power of Zot.
  2337 | D:5      | Entered Level 5 of the Dungeon
  2351 | D:5      | Identified the +1 pair of boots of Impatience {Rampage
                  | Drain rN+++ Slay+2}
  2360 | D:5      | Noticed an ogre
  2367 | D:5      | HP: 1/46 [ogre/+0 giant spiked club (28)]
  2368 | D:5      | Killed from afar by a white imp

Illustrated notes

Levels and vault maps discovered:
D:1:      onia_arrival_pentagram, layout_rooms, serial_shops,
          nicolae_shop_waterfront, basic_ecumenical_altar, interstate_on_off
D:2:      layout_basic, basic_altar, hangedman_decor_push, patterned_corridor
D:3:      layout_basic, dk_noncrumbling_4, minivault_26,
          hangedman_decor_riveting, nrook_mini_vaults
D:4:      layout_layer_cave, minmay_pentomino_pile
D:5:      layout_rooms

Skill      XL: |  1  2  3  4  5  6 |
---------------+-------------------+-----
Spellcasting   | 3 4 |  4.3
Ice Magic      | 5 6 |  6.0
Conjurations   | 2 4 |  4.2
Fighting       | |  0.3
Axes           | |  0.2
Dodging        | |  2.6
Stealth        | |  1.4

Action                   |  1- 3 |  4- 6 || total
-------------------------+-------+-------++-------
Melee: Unarmed           |     7 |       ||     7
       Hand axe          |       |    26 ||    26
 Cast: Freeze            |    24 |    14 ||    38
       Frozen Ramparts   |     3 |    15 ||    18
       Hailstorm         |       |     3 ||     3
  Use: Scroll            |     5 |     7 ||    12
Armor: Robe              |     6 |    13 ||    19
Dodge: Dodged            |    11 |    18 ||    29
